 Dungeon Crawl Stone Soup version 0.31-a0-237-g2d982f9f85 (webtiles) character file.

Game seed: 15843515332700906603

51 qw the Shooter (level 3, -1/21 HPs)
             Began as a Gargoyle Hexslinger on July 11, 2023.
             Slain by Sigmund
             ... wielding a +0 scythe
              (3 damage)
             ... on level 2 of the Dungeon.
             The game lasted 00:00:29 (1014 turns).

qw the Shooter (Gargoyle Hexslinger)                Turns: 1014, Time: 00:00:29

Health: -1/21      AC:  9    Str:  9 (11) XL:     3   Next: 81%
Magic:  4/4        EV: 10    Int: 10 (13) God:
Gold:   96         SH:  0    Dex: 13 (14) Spells: 3/4 levels left

rFire   . . .        Y - +1 sling
rCold   . . .        (no shield)
rNeg    + . .        d - +0 ring mail
rPois   inf          (no helmet)
rElec   +            (no cloak)
rCorr   .            (no gloves)
SInv    .            h - +0 pair of boots
Will    .....        (no amulet) Stlth
                     (no ring)
HPRegen 0.23/turn    (no ring)
MPRegen 0.09/turn

%: no passive effects
@: confused
A: sickness immunity, AC +3, negative energy resistance 1, electricity
resistance, torment resistance 1, petrification resistance
a: no special abilities


You were on level 2 of the Dungeon.
You visited 1 branch of the dungeon, and saw 2 of its levels.

You collected 96 gold pieces.


Innate Abilities, Weirdness & Mutations

You are immune to sickness and miasma.
Your stone body is resilient. (AC +3)
You are immune to poison.
You resist negative energy. (rN+)
You are resistant to electric shocks. (rElec)
You are resistant to unholy torment.
You are immune to petrification.


   Skills:
 - Level 2.0 Fighting
 + Level 3.4 Ranged Weapons
 - Level 1.0 Armour
 - Level 1.5 Dodging
 - Level 1.0 Spellcasting
 - Level 2.6 Hexes


You had 3 spell levels left.
You knew the following spells:

 Your Spells              Type           Power      Damage    Failure   Level
a - Slow                  Hex            20%        N/A       32%         1

Your spell library contained the following spells:

 Spells                   Type           Power      Damage    Failure   Level
 Inner Flame              Hex/Fire       3%         N/A       86%         3
 Portal Projectile        Hex/Tloc       6%         N/A       86%         3
 Cause Fear               Hex            2%         N/A       97%         4

Inventory:

Hand Weapons
 Y - a +1 sling (weapon)
Armour
 d - a +0 ring mail (worn)
 h - a +0 pair of boots (worn)
Scrolls
 a - a scroll of revelation {unknown}
Potions
 c - a potion of enlightenment
 k - a potion of magic {unknown}

Dungeon Overview and Level Annotations

Branches:
Dungeon (2/15)

Altars:

Annotations:
D:2 Sigmund


Message History

The adder closely misses you. The kobold hits you but does no damage.
The adder bites you but does no damage. The kobold closely misses you.
Sigmund hits you but does no damage. The adder barely misses you.
The kobold closely misses you. The adder closely misses you.
Sigmund casts a spell.
Sigmund flickers and vanishes!
Deactivating autopickup; reactivate with Ctrl-A.
The adder closely misses you. The kobold hits you but does no damage.
Something hits you.
You feel less confused. The adder closely misses you.
The kobold hits you but does no damage. The adder bites you but does no damage.
You shoot a sling bullet. The sling bullet hits the adder.
You kill the adder!
Something hits you. The kobold hits you but does no damage.
You feel your dexterity returning.
You shoot a sling bullet.
The sling bullet hits the kobold but does no damage.
The kobold misses you. Something hits you.
The kobold hits you but does no damage.
You shoot a sling bullet.
The sling bullet closely misses the kobold.
Something hits you! The kobold hits you but does no damage.
You shoot a sling bullet.
The sling bullet barely misses the kobold.
The kobold hits you with a +1 short sword of holy wrath.
Something hits you but does no damage. The kobold hits you but does no damage.
You shoot a sling bullet. The sling bullet hits the kobold.
You kill the kobold!
You hear some strange, mumbled words.
You are confused.
You shoot a sling bullet. Something hits you but does no damage.
You shoot a sling bullet. Something hits you but does no damage.
You shoot a sling bullet. Something hits you but does no damage.
You shoot a sling bullet. Something hits you.
You die...

############
...........#
.....{)@...#
.(....%#...#
......###..##
...... #....#
..... #..#.#
#.... #..#.#
.#!. #..#.#
.## #..#.##
#..#..##


There were no monsters in sight!

Vanquished Creatures
  2 adders (D:2)
  3 endoplasms (D:1)
  2 giant cockroaches
  7 goblins
  3 hobgoblins
  3 kobolds
  2 quokkas
  3 ball pythons
  3 bats
  3 rats (D:1)
31 creatures vanquished.

Notes
Turn   | Place    | Note
-------+----------+-------------------------------------------
     0 | D:1      | qw the Gargoyle Hexslinger began the quest for the Orb.
     0 | D:1      | Reached XP level 1. HP: 12/12 MP: 2/2
     0 | D:1      | 0 ||| qw: Version: 0.3-a-52-g30416fa
     0 | D:1      | 0 ||| qw: Game counter: 5548
     0 | D:1      | 0 ||| qw: Melee chars always use a shield: true
     0 | D:1      | 0 ||| qw: God list: Okawaru
     0 | D:1      | 0 ||| qw: Allow faded altars: false
     0 | D:1      | 0 ||| qw: Do Orc after clearing Dungeon:15 true
     0 | D:1      | 0 ||| qw: Do second Lair branch before Depths: true
     0 | D:1      | 0 ||| qw: Lair rune preference: random
     0 | D:1      | 0 ||| qw: Goals: Normal
     0 | D:1      | 0 ||| PLANNING D:1-11
   120 | D:1      | Reached XP level 2. HP: 16/16 MP: 3/3
   189 | D:1      | Found a faded altar of an unknown god.
   232 | D:1      | Reached skill level 3 in Ranged Weapons
   321 | D:1      | 321 ||| UPGRADING to +0 ring mail.
   340 | D:1      | 340 ||| DROPPING +0 robe.
   342 | D:1      | 342 ||| UPGRADING to +0 pair of boots.
   552 | D:1      | Reached XP level 3. HP: 21/21 MP: 4/4
   748 | D:1      | 748 ||| READING scroll labelled DOEBAR TOOLEBI.
   749 | D:1      | 749 ||| READING 2 scrolls labelled SOACLE IHAAGIDGH.
   750 | D:1      | 750 ||| READING scroll labelled YNOEME CYF IMA.
   751 | D:1      | 751 ||| READING 2 scrolls labelled FUASAPS FUPN.
   752 | D:1      | 752 ||| READING scroll labelled CUNNOY FABB.
   756 | D:1      | 756 ||| DRINKING 2 grey potions.
   757 | D:1      | 757 ||| DRINKING 2 silvery potions.
   758 | D:1      | 758 ||| DROPPING scroll of poison.
   759 | D:1      | 759 ||| DROPPING scroll of blinking.
   760 | D:1      | 760 ||| DROPPING potion of degeneration.
   761 | D:1      | 761 ||| DROPPING scroll of immolation.
   973 | D:2      | Reached skill level 1 in Armour
   991 | D:2      | Noticed Sigmund
  1008 | D:2      | HP: 4/21 [something (8)]
  1009 | D:2      | HP: 1/21 [kobold/+1 short sword of holy wrath (4)]
  1014 | D:2      | Slain by Sigmund

Levels and vault maps discovered:
D:1:      saegor_arrival_fortress, layout_loops_ring,
          hellmonk_ecumenical_altar_lost_god, due_unseen_surprise
D:2:      layout_rooms, serial_curves, eino_curves_01, eino_curves_04,
          nicolae_half_adder, uniq_crazy_yiuf_cottage, uniq_sigmund

Skill      XL: |  1  2  3 |
---------------+----------+-----
Ranged Weapons | 3 |  3.4
Fighting       | 2 |  2.0
Armour         | 1 |  1.0
Dodging        | |  1.5
Spellcasting   | |  1.0
Hexes          | |  2.6

Action                     || total
---------------------------++-------
   Fire: Sling             ||   100
    Use: Scroll            ||     5
         Potion            ||     2
 Armour: Robe              ||     6
         Skin              ||     1
         Ring mail         ||    29
  Dodge: Dodged            ||    38

Table legend:
 A = Non-vault XP
 B = Vault XP
 C = Vault XP percentage of total XP
 D = Non-vault monster count
 E = Vault monster count
 F = Vault count percentage of total count
                 A         B        C        D         E       F
            +---------+---------+-------+---------+---------+-------
      Total |      47 |      26 |  35.6 |      29 |       2 |   6.5
            +---------+---------+-------+---------+---------+-------
        D:1 |      34 |       0 |   0.0 |      21 |       0 |   0.0
        D:2 |      13 |      26 |  66.7 |       8 |       2 |  20.0
            +---------+---------+-------+---------+---------+-------
